 Dungeon Crawl Stone Soup version 0.29.0-10-g45618ea6d2 (webtiles) character file.

Game seed: 4102628135683737392

434 Tirrikindir the Slasher (level 7, -3/48 HPs)
             Began as an Octopode Fighter on Sept 1, 2022.
             Was an Initiate of Ashenzari.
             Slain by an orc
             ... wielding a +0 hand axe
              (6 damage)
             ... on level 3 of the Dungeon.
             The game lasted 00:10:28 (2840 turns).

Tirrikindir the Slasher (Octopode Fighter)          Turns: 2840, Time: 00:10:29

Health: -3/48      AC:  1    Str: 23    XL:     7   Next: 0%
Magic:  16/16      EV: 14    Int: 10    God:    Ashenzari [......]
Gold:   117        SH:  5    Dex: 16    Spells: 6/6 levels left

rFire   . . .      SeeInvis .   a - +2 long sword
rCold   x . .      Faith    .   b - +0 buckler "Stellar Affliction" {Bglg, Comp} (curse)
rNeg    . . .      Spirit   .   (helmet restricted)
rPois   .          Reflect  .   (no amulet)
rElec   .          Harm     .   d - ring "Retuvem" {rC- MP+9 Str+7 Dex+3}
rCorr   .          Rampage  .   (no ring)
Will    .....                   (no ring)
Stlth   ++++......              (no ring)
HPRegen 0.16/turn               (no ring)
MPRegen 0.15/turn               (no ring)
                                (no ring)
                                (no ring)

@: invisible
A: almost no armour, amphibious, 8 rings, camouflage 1, gelatinous body 1,
(nimble swimmer 1), tentacles
a: Renounce Religion, Shatter the Chains


You were on level 3 of the Dungeon.
You worshipped Ashenzari.
Ashenzari was noncommittal.
You visited 1 branch of the dungeon, and saw 3 of its levels.
You also visited: Sewer.

You collected 117 gold pieces.

Inventory:

Hand Weapons
 a - a +2 long sword (weapon)
Missiles
 n - 10 poisoned darts (quivered)
Armour
 b - the cursed +0 buckler "Stellar Affliction" (worn) {Bglg, Comp}

   It has a curse which improves the following skills: Beguiling: Conjurations,
   Hexes and Translocations.
   Companions: Summonings and Necromancy.
Jewellery
 d - the ring "Retuvem" (left tentacle) {rC- MP+9 Str+7 Dex+3}
   (You acquired it in a sewer)

   [ring of magical power]

   Str:       It affects your strength (+7).
   Dex:       It affects your dexterity (+3).
   rC:        It makes you vulnerable to cold.
   MP:        It affects your magic capacity (+9).
Wands
 j - a wand of roots (4)
 m - a wand of flame (19)
Scrolls
 e - 2 scrolls of butterflies {unknown}
 f - a scroll of teleportation
 g - a scroll of enchant armour {unknown}
 l - a scroll of fear {unknown}
 s - a scroll of amnesia {unknown}
Potions
 c - 3 potions of might
 h - a potion of haste
 i - 2 potions of heal wounds {unknown}
 o - 3 potions of mutation {unknown}
 p - a potion of magic {unknown}


   Skills:
 - Level 4.0 Fighting
 * Level 4.2 Long Blades
 - Level 4.0 Dodging
 + Level 3.7 Stealth
 + Level 3.9 Shields
 + Level 2.0 Evocations


You had 6 spell levels left.
You didn't know any spells.
Your spell library contained the following spells:

 Spells                   Type           Power      Damage    Failure   Level
 Frozen Ramparts          Ice            0%         1d1       82%         3
 Ice Form                 Ice/Tmut       0%         N/A       99%         4
 Summon Ice Beast         Ice/Summ       0%         N/A       99%         4


Dungeon Overview and Level Annotations

Branches:
Dungeon (3/15)              Sewer (visited)

Altars:
Ashenzari
Nemelex Xobeh


Innate Abilities, Weirdness & Mutations

You cannot wear most types of armour.
You are amphibious.
You can wear up to eight rings at the same time.
Your skin changes colour to match your surroundings (Stealth+).
Your rubbery body absorbs attacks. (AC +1, EV +1)
((You are camouflaged when in or above water. (Stealth+)))
You have tentacles for arms and can constrict up to eight enemies at once.


Message History

You closely miss the quokka. Your grab misses the quokka.
The quokka closely misses you.
You hit the quokka. You grab the quokka.
The quokka is severely wounded.
You constrict the quokka.
You kill the quokka!
You miss the water moccasin. You grab the water moccasin.
You constrict the water moccasin. The water moccasin bites you. x2
You slash the water moccasin! Your squeeze misses the water moccasin.
The water moccasin is moderately wounded.
You constrict the water moccasin. The water moccasin misses you.
The water moccasin bites you!
You barely miss the rat. You grab the rat. You constrict the water moccasin!
You constrict the rat.
You kill the rat!
The water moccasin bites you!
* * * LOW HITPOINT WARNING * * *
You slash the water moccasin!
You kill the water moccasin!
Training target 4.0 for Fighting reached!
Training target 4.0 for Dodging reached!
Your Fighting skill increases to level 4!
Your Dodging skill increases to level 4!
Your Evocations skill increases to level 2!
You have reached level 7!
You hit the orc. Your grab misses the orc.
The orc is moderately wounded.
The orc hits you with a +0 hand axe.
* * * LOW HITPOINT WARNING * * *
You block the dart slug's attack. The orc attacks as you move away!
The orc hits you with a +0 hand axe.
* * * LOW HITPOINT WARNING * * *
You fade into invisibility!
The orc misses you.
You see here a rat corpse.
You closely miss the orc. Your grab misses the orc.
Your squeeze misses the orc.
The orc is moderately wounded.
The orc hits you with a +0 hand axe.
You die...

#.~~~~~~~....##
##~~.####.....###
#~~##.....#..).##
#~~#........##..####
#~~#....#######....###
##~~#.#.## #.##...#
#~~...#.# #.####.#
#~....#.# ###.# #.##
###
##......######..@##
#..# ##.#####
#..##.#....)..o..#
##.# #.......
#####.#.#.#†'#.#.# #.#
##.####.
#.....#..#...#
#.###.).# #.
##..########.#
#.......# ## #..+
#[(#.††# #.###...#
#..+ #$$#.'.# #.#
##### ##.#
#.o###.####.# #..
#wS#[.......#


You could see an orc (unable to see you).

Vanquished Creatures
  A water moccasin (D:3)
  3 kobold brigands (Sewer)
  2 adders
  A worm (D:3)
  2 dart slugs
  4 endoplasms
  2 giant cockroaches (Sewer)
  8 goblins
  6 hobgoblins
  9 jackals
  23 kobolds
  6 quokkas
  5 ball pythons
  6 bats
  8 frilled lizards
  6 rats
92 creatures vanquished.

Vanquished Creatures (others)
  A fungus (Sewer)
  13 plants (Sewer)
14 creatures vanquished.

Grand Total: 106 creatures vanquished

Notes
Turn   | Place    | Note
-------+----------+-------------------------------------------
     0 | D:1      | Tirrikindir the Octopode Fighter began the quest for the
                  | Orb.
     0 | D:1      | Reached XP level 1. HP: 16/16 MP: 1/1
   102 | D:1      | Reached XP level 2. HP: 17/21 MP: 2/2
   247 | D:1      | Reached skill level 1 in Stealth
   540 | D:1      | Reached XP level 3. HP: 25/26 MP: 3/3
   557 | D:1      | Found a faded altar of an unknown god.
   561 | D:1      | Prayed at the altar of an unknown god.
   561 | D:1      | Became a worshipper of Ashenzari the Shackled
  1326 | D:2      | Reached XP level 4. HP: 27/31 MP: 4/4
  1540 | D:2      | Found a sparkling altar of Nemelex Xobeh.
  1859 | D:3      | Found a glowing drain.
  1877 | Sewer    | Entered a sewer
  1980 | Sewer    | Identified a scroll of acquirement
  1981 | Sewer    | Acquired the ring "Retuvem" {rC- MP+9 Str+7 Dex+3}
  2004 | Sewer    | Noticed a kobold brigand
  2004 | Sewer    | Noticed a kobold brigand
  2013 | Sewer    | Killed a kobold brigand
  2014 | Sewer    | Reached skill level 1 in Evocations
  2014 | Sewer    | Reached XP level 5. HP: 26/36 MP: 5/5
  2027 | Sewer    | Killed a kobold brigand
  2028 | Sewer    | Reached XP level 6. HP: 9/43 MP: 6/6
  2820 | D:3      | Noticed a water moccasin
  2828 | D:3      | Killed a water moccasin
  2829 | D:3      | Reached XP level 7. HP: 12/48 MP: 7/7
  2832 | D:3      | HP: 2/48 [orc/+0 hand axe (5)]
  2840 | D:3      | Slain by an orc

Illustrated notes

Levels and vault maps discovered:
D:1:      lightli_arrival_maybe_door_vault, layout_rooms,
          shapermc_ecumenical_altar_petra
D:2:      layout_basic, basic_altar, grunt_ministairs_2
D:3:      minmay_chambers_of_twos, layout_loops_ring,
          cheibrodos_sewer_entry_bend, minivault_24, minmay_mini_jars,
          uniq_sigmund

Skill      XL: |  1  2  3  4  5  6 |
---------------+-------------------+-----
Stealth        | 1 2 3 |  3.7
Long Blades    | 3 4 |  4.2
Evocations     | 1 2 |  2.0
Fighting       | 4 |  4.0
Dodging        | 4 |  4.0
Shields        | |  3.9

Action                   |  1- 3 |  4- 6 |  7- 9 || total
-------------------------+-------+-------+-------++-------
Melee: Long sword        |    80 |   104 |     2 ||   186
       Tentacles         |    12 |    14 |       ||    26
       Constrict         |    24 |    29 |       ||    53
Invok: Curse Item        |       |     1 |       ||     1
Evoke: Wand              |       |     2 |       ||     2
  Use: Scroll            |     3 |     7 |       ||    10
       Potion            |     1 |     3 |     1 ||     5
 Stab: Sleeping          |     5 |     3 |       ||     8
       Distracted        |     1 |       |       ||     1
Armor: Skin              |    12 |    33 |       ||    45
Dodge: Dodged            |    61 |    41 |     1 ||   103
Block: Buckler           |    23 |    30 |     1 ||    54
